 Dungeon Crawl Stone Soup version 0.30.1-5-ged363bc7ee (webtiles) character file.

Game seed: 4160292719397999547

14094 safid the Frost Mage (level 12, -6/103 HPs)
             Began as a Merfolk Ice Elementalist on Sept 19, 2023.
             Was a Priest of Vehumet.
             Shot with a bolt by a yaktaur (19 damage)
             ... on level 11 of the Dungeon.
             The game lasted 00:25:50 (13072 turns).

safid the Frost Mage (Merfolk Ice Elementalist)    Turns: 13072, Time: 00:25:51

Health: -6/103     AC:  7    Str:  9    XL:     12   Next: 12%
Magic:  24/24      EV: 16    Int: 19    God:    Vehumet [***...]
Gold:   1035       SH:  0    Dex: 17    Spells: 20/27 levels left

rFire   . . .        D - +4 halberd (freeze)
rCold   . . .        (shield currently unavailable)
rNeg    . . .        a - +0 robe
rPois   .            (no helmet)
rElec   +            x - +0 cloak
rCorr   +            p - +0 pair of gloves
SInv    +            A - +2 pair of boots {Fly}
Will    +....        (no amulet)
Stlth   ++           f - ring of willpower
HPRegen 0.37/turn    F - ring of Knowledge {rElec rCorr Dex+3 SInv}
MPRegen 0.19/turn

%: no passive effects
@: flying
A: (nimble swimmer 2), mertail
a: Renounce Religion


You were on level 11 of the Dungeon.
You worshipped Vehumet.
Vehumet was most pleased with you.
You visited 1 branch of the dungeon, and saw 11 of its levels.
You also visited: Bailey.

You collected 1035 gold pieces.

Inventory:

Hand Weapons
 D - a +4 halberd of freezing (weapon)
Missiles
 g - 2 throwing nets
Armour
 a - a +0 robe (worn)
 p - a +0 pair of gloves (worn)
 x - a +0 cloak (worn)
 A - a +2 pair of boots of flying (worn)
Magical Staves
 G - the staff of cold "Nadem" {rPois rC+}
   (You found it in a bailey)

   [staff of cold]

   Base accuracy: +5 Base damage: 5 Base attack delay: 1.2 This weapon's minimum
   attack delay (0.6) is reached at skill level 12.
   rC:        It protects you from cold.
   rPois:     It protects you from poison.
   It falls into the 'Staves' category.
   It is a one-handed weapon.
Jewellery
 f - a ring of willpower (left hand)
 u - a +4 ring of slaying
 y - a ring of resist corrosion
 E - a ring of flight
 F - the ring of Knowledge (right hand) {rElec rCorr Dex+3 SInv}
   (You acquired it in a bailey)

   [ring of see invisible]

   Dex:       It affects your dexterity (+3).
   rElec:     It insulates you from electricity.
   SInv:      It lets you see invisible.
   rCorr:     It protects you from acid and corrosion.
Wands
 h - a wand of charming (5)
 m - a wand of polymorph (11)
 q - a wand of mindburst (4)
 z - a wand of quicksilver (7)
Scrolls
 c - 3 scrolls of fear
 d - a scroll of summoning
 i - 4 scrolls of amnesia
 k - 3 scrolls of teleportation
 l - 3 scrolls of enchant weapon
 n - 3 scrolls of enchant armour
 o - 2 scrolls of magic mapping
 s - a scroll of brand weapon {unknown}
 H - a scroll of fog {unknown}
 I - a scroll of vulnerability {unknown}
 K - a scroll of noise {unknown}
Potions
 b - 2 potions of magic
 e - 2 potions of might
 j - 8 potions of curing
 r - a potion of attraction {unknown}
 t - a potion of ambrosia {unknown}
 v - a potion of lignification {unknown}
 w - a potion of heal wounds {unknown}
 B - a potion of degeneration {unknown}
 C - a potion of invisibility {unknown}
 J - 2 potions of berserk rage


   Skills:
 + Level 12.7 Fighting
 - Level 8.0 Dodging
 - Level 2.1 Stealth
 - Level 8.0 Spellcasting
 + Level 13.4 Ice Magic


You had 20 spell levels left.
You knew the following spells:

 Your Spells              Type           Power      Damage    Failure   Level
a - Freeze                Ice            100%       1d10      1%          1
b - Frozen Ramparts       Ice            100%       1d16      1%          3
c - Ozocubu's Armour      Ice            55%        N/A       1%          3

Your spell library contained the following spells:

 Spells                   Type           Power      Damage    Failure   Level
 Dazzling Flash           Conj/Hex       14%        N/A       7%          3
 Static Discharge         Conj/Air       14%        2-3/arc   4%          2
 Summon Ice Beast         Ice/Summ       33%        N/A       6%          4
 Inner Flame              Hex/Fire       7%         N/A       7%          3
 Airstrike                Air            3%         2d(1-17)  22%         4
 Flame Wave               Conj/Fire      7%         2d5       22%         4
 Sticky Flame             Conj/Fire      7%         2d3       22%         4
 Iskenderun's Battlesphe  Conj           7%         2d6       50%         5
 Summon Lightning Spire   Summ/Air       7%         N/A       65%         4
 Iron Shot                Conj/Erth      3%         9d2       96%         6
 Spellforged Servitor     Conj/Summ      3%         N/A       100%        7


Dungeon Overview and Level Annotations

Branches:
Dungeon (11/15)            Temple (0/1) D:7            Lair (0/5) D:11
 Bailey (visited)
    Orc: D:9-12

Altars:
Ashenzari
Dithmenos
Fedhas
Makhleb
Okawaru
Qazlal
Sif Muna
Uskayaw
Vehumet
Xom
The Shining One

Shops:
D:6 *   D:7 (

Annotations:
D:4 2 transporters, Kurtz's ghost, amateur TeFi


Innate Abilities, Weirdness & Mutations

((You are very nimble when in or above water. (Stealth+, EV+, Speed+++)))
Your lower body shifts to a powerful aquatic tail in water.


Message History

The yaktaur is moderately wounded.
The yaktaur unwields a +0 arbalest.
The yaktaur misses you.
Casting: Ozocubu's Armour (safe; 1% risk of failure)
Confirm with . or Enter, or press ? or * to list all spells.
Casting: Frozen Ramparts (safe; 1% risk of failure)
Press: ? - help, Dir - look around, f - activate The walls around you are covered in ice.
The wall freezes the gnoll!
The gnoll closely misses you.
The wall freezes the yaktaur!
The yaktaur misses you.
Unknown command.
Casting: Frozen Ramparts (safe; 1% risk of failure)
Confirm with . or Enter, or press ? or * to list all spells.
A film of ice covers your body!
The wall freezes the gnoll.
You kill the gnoll!
Vehumet accepts your kill.
You feel your power returning.
The wall freezes the yaktaur!
The yaktaur hits you!
The wall freezes the yaktaur!
The yaktaur closely misses you.
You hit the yaktaur. You freeze the yaktaur.
The yaktaur is almost dead.
The wall freezes the yaktaur.
You kill the yaktaur!
Vehumet accepts your kill.
Unknown command.
Your icy armour cracks and falls away as you move.
The frozen ramparts melt away as you move.
A yaktaur comes into view.
You see here a +0 arbalest.
The yaktaur shouts!
The yaktaur wields a +0 arbalest.
The yaktaur shoots a bolt.
The bolt hits you!!
The yaktaur shoots a bolt.
The bolt hits you!!
* * * LOW HITPOINT WARNING * * *
You are too injured to fight recklessly!
You are too injured to fight recklessly!
The yaktaur shoots a bolt.
The bolt hits you!!
* * * LOW HITPOINT WARNING * * *
Unknown command.
You feel better.
The yaktaur shoots a bolt.
The bolt hits you!!
You die...

...#.....###..gg.. #####g≈≈.≈.
........####...^......' #.cS≈≈≈
>...##................## #..≈≈≈≈
.....##................. ..≈≈≈≈≈
........................ ...≈≈≈≈≈
...........................≈≈c≈..
.###....................
.##.....................
................@.c.....
.........)##.##)........
...[..##...)............
.......##...............
......####....#.........
.......###...###.....##'
...#...#....## #.....#
#...##....### #.....# .#.......##
.......


You could see a yaktaur.

Vanquished Creatures
  Erica (D:10)
  2 two-headed ogres
  Lodul (D:10)
  An orc knight (Bailey)
  A manticore (D:10)
  Joseph (D:10)
  A gargoyle (D:11)
  A komodo dragon (D:11)
  3 yaktaurs (D:11)
  3 trolls
  A shadow (D:10)
  A vampire (D:9)
  17 yaks
  A wyvern (D:9)
  2 vampire mosquitoes (D:10)
  Edmund (D:6)
  3 steam dragons
  2 water moccasins (D:11)
  4 ice beasts
  10 orc warriors
  5 black bears
  A sky beast (D:7)
  10 ogres
  2 centaurs
  A kobold brigand (D:10)
  2 bullfrogs
  3 scorpions
  8 wights
  10 killer bees
  An electric eel (D:10)
  2 howler monkeys
  2 jellies (D:5)
  2 hounds
  4 orc priests
  A gnoll bouda (D:5)
  2 orc wizards
  2 sleepcaps
  An iguana (D:5)
  A scorpion zombie (D:2)
  11 gnolls
  9 adders
  A shadow imp (D:6)
  A white imp (D:6)
  An ufetubus (D:5)
  An adder zombie (D:2)
  A worm (D:3)
  4 dart slugs
  40 orcs
  4 bats
  2 bat skeletons (D:2)
  4 endoplasms
  3 giant cockroaches
  11 goblins
  3 hobgoblins
  3 quokkas
  6 ball pythons
  A ball python zombie (D:2)
  3 frilled lizards
  A giant cockroach zombie (D:2)
  9 kobolds
  A quokka skeleton (D:2)
  A quokka zombie (D:2)
  4 rats
242 creatures vanquished.

Notes
Turn   | Place    | Note
-------+----------+-------------------------------------------
     0 | D:1      | safid the Merfolk Ice Elementalist began the quest for the
                  | Orb.
     0 | D:1      | Reached XP level 1. HP: 13/13 MP: 3/3
   100 | D:1      | Reached XP level 2. HP: 16/20 MP: 0/5
   199 | D:1      | Reached skill level 1 in Fighting
   361 | D:1      | Reached XP level 3. HP: 26/26 MP: 3/6
   365 | D:1      | Learned a level 3 spell: Frozen Ramparts
  1094 | D:2      | Reached skill level 5 in Ice Magic
  1094 | D:2      | Reached XP level 4. HP: 6/33 MP: 6/8
  1098 | D:2      | Learned a level 3 spell: Ozocubu's Armour
  1559 | D:3      | Found a shadowy altar of Dithmenos.
  2693 | D:4      | Reached XP level 5. HP: 40/40 MP: 2/9
  2855 | D:4      | Noticed a black bear
  2863 | D:4      | Killed a black bear
  2864 | D:4      | Reached XP level 6. HP: 28/47 MP: 3/11
  3050 | D:4      | Found a transporter.
  3154 | D:4      | Reached skill level 6 in Ice Magic
  3455 | D:4      | Found a transporter.
  3465 | D:4      | Noticed Kurtz's ghost (amateur TeFi)
  3479 | D:4      | Found a radiant altar of Vehumet.
  3486 | D:4      | Became a worshipper of Vehumet
  3952 | D:5      | Entered Level 5 of the Dungeon
  3998 | D:5      | Reached XP level 7. HP: 54/54 MP: 7/13
  4181 | D:5      | Found a broken altar of Ashenzari.
  4184 | D:5      | Found a hide-covered altar of Uskayaw.
  4188 | D:5      | Found a shimmering altar of Xom.
  4894 | D:5      | Found a burning altar of Makhleb.
  4894 | D:5      | Noticed a cacodemon
  4917 | D:5      | Reached skill level 5 in Fighting
  4997 | D:5      | Reached skill level 7 in Ice Magic
  5184 | D:5      | Found an iron altar of Okawaru.
  5240 | D:5      | Reached skill level 5 in Spellcasting
  5240 | D:5      | Reached XP level 8. HP: 62/62 MP: 8/15
  5686 | D:6      | Noticed Edmund
  5702 | D:6      | Killed Edmund
  5878 | D:6      | Found a shimmering blue altar of Sif Muna.
  5878 | D:6      | Found a glowing golden altar of the Shining One.
  5905 | D:6      | Reached * piety under Vehumet
  5905 | D:6      | Offered knowledge of Sandblast by Vehumet.
  6197 | D:6      | Found Lihol's General Store.
  6275 | D:6      | Reached skill level 8 in Ice Magic
  6443 | D:6      | Reached skill level 5 in Dodging
  6568 | D:6      | Reached XP level 9. HP: 54/71 MP: 17/17
  7012 | D:7      | Found a staircase to the Ecumenical Temple.
  7138 | D:7      | Found Asodepp's Antique Weapon Shoppe.
  7849 | D:8      | Reached skill level 9 in Ice Magic
  7999 | D:8      | Offered knowledge of Momentum Strike by Vehumet.
  8000 | D:8      | Reached ** piety under Vehumet
  8216 | D:8      | Reached XP level 10. HP: 69/78 MP: 15/20
  9196 | D:9      | Found a flagged portal.
  9217 | Bailey   | Entered a bailey
  9295 | Bailey   | Reached skill level 10 in Ice Magic
  9531 | Bailey   | Offered knowledge of Scorch by Vehumet.
  9557 | Bailey   | Noticed an orc knight
  9565 | Bailey   | Killed an orc knight
  9572 | Bailey   | Identified the staff of cold "Nadem" {rPois rC+}
  9766 | Bailey   | Acquired the ring of Knowledge {rElec rCorr Dex+3 SInv}
 10456 | D:9      | Found a stormy altar of Qazlal.
 10463 | D:9      | Reached XP level 11. HP: 44/90 MP: 19/23
 10627 | D:10     | Entered Level 10 of the Dungeon
 10654 | D:10     | Reached skill level 10 in Fighting
 10655 | D:10     | Reached skill level 11 in Ice Magic
 10702 | D:10     | Noticed Joseph
 10713 | D:10     | Killed Joseph
 10940 | D:10     | Reached *** piety under Vehumet
 10950 | D:10     | Noticed Lodul
 10962 | D:10     | Killed Lodul
 11208 | D:10     | Found a blossoming altar of Fedhas.
 11210 | D:10     | Noticed a manticore
 11336 | D:10     | Noticed Erica
 11347 | D:10     | Killed Erica
 11458 | D:10     | Noticed a two-headed ogre
 11466 | D:10     | Killed a two-headed ogre
 11467 | D:10     | Reached skill level 12 in Ice Magic
 11493 | D:10     | Identified the +1 hand axe of Zostruaz {freeze, rF- rC+
                  | MP+9 Dex+4}
 11788 | D:10     | Killed a manticore
 11993 | D:11     | Noticed a two-headed ogre
 12001 | D:11     | Killed a two-headed ogre
 12236 | D:11     | Found a staircase to the Lair.
 12296 | D:11     | Noticed a death yak
 12296 | D:11     | Noticed a death yak
 12320 | D:11     | Offered knowledge of Dazzling Flash by Vehumet.
 12675 | D:11     | Reached skill level 13 in Ice Magic
 12678 | D:11     | Reached XP level 12. HP: 82/103 MP: 24/24
 13071 | D:11     | HP: 3/103 [yaktaur/bolt (23)]
 13072 | D:11     | Shot with a bolt by a yaktaur

Illustrated notes

Levels and vault maps discovered:
D:1:      mushboom_english_gardens, layout_rooms, due_unseen_surprise
D:2:      layout_loops_ring, serial_undead, serial_undead_f, serial_undead_d,
          serial_undead_a, serial_undead_c, serial_undead_c, serial_undead_d,
          nicolae_figureground_sparkle
D:3:      layout_basic, grunt_dithmenos_smoke
D:4:      layout_basic, vehumet_crystals, gammafunk_ghost_abyssal_escape,
          chequers_avenue, kennysheep_generic_room_13
D:5:      layout_gridville, mainiacjoe_overflow_surrounded_room,
          grunt_temple_overflow_diamond, makhleb_altar_promises_db,
          serial_co_window_serial, co_window_paths_a, co_window_paths_a,
          co_window_cross_1, co_window_corner_a, co_window_cross_1,
          co_window_paths_a, co_window_of_opportunity_a, co_window_broadway_a,
          co_window_unsneaky_path_b, co_window_corner_b,
          co_window_of_opportunity_c, co_window_4corner_b, co_window_paths_d,
          glass_columns_a, glass_columns_a, glass_columns_a
D:6:      layout_gridville, jmf_multi_god_temple, serial_shops, shop_fountains,
          uniq_edmund
D:7:      layout_rooms, minmay_temple_entry_large_hall, serial_shops, shop,
          serial_park_tiny_2
D:8:      layout_basic
D:9:      layout_loops_ring, nicolae_qazlal_eye_of_the_storm, enter_bailey_5
D:10:     layout_roguey, mainiacjoe_overflow_concentric_impassable,
          water_boxes_lemuel, uniq_joseph, uniq_lodul, uniq_erica
D:11:     fort_yaktaur, layout_cave_pools, due_lair_maze_entry_diamond,
          minivault_8

Skill      XL: |  1  2  3  4  5  6  7  8  9 10 11 |
---------------+----------------------------------+-----
Fighting       | 1 2 3 4 5 6 7 9 12 | 12.7
Ice Magic      | 5 6 7 8 9 10 13 | 13.4
Spellcasting   | 3 4 5 7 8 |  8.0
Dodging        | 5 7 8 |  8.0
Stealth        | |  2.1

Action                     |  1- 3 |  4- 6 |  7- 9 | 10-12 || total
---------------------------+-------+-------+-------+-------++-------
  Melee: Unarmed           |    10 |       |       |       ||    10
         Club              |     4 |       |       |       ||     4
         Short sword       |    86 |   133 |   161 |       ||   380
         Punch             |     1 |     3 |     1 |       ||     5
         Halberd           |       |       |    38 |   192 ||   230
   Cast: Freeze            |    28 |    24 |     9 |     9 ||    70
         Frozen Ramparts   |       |     8 |    36 |    45 ||    89
         Ozocubu's Armour  |       |     7 |    35 |    36 ||    78
    Use: Scroll            |       |       |     9 |     7 ||    16
         Potion            |       |       |     3 |     4 ||     7
   Stab: Sleeping          |       |     6 |     1 |     5 ||    12
 Armour: Robe              |    34 |    45 |    92 |    93 ||   264
  Dodge: Dodged            |   102 |    90 |   158 |   192 ||   542
